 Dungeon Crawl Stone Soup version 0.25.0-9-g26727b657a (webtiles) character file.

Game seed: 12669154662306906798

5146 Froggeryz the Grappler (level 10, -2/60 HPs)
             Began as a Gargoyle Monk on June 19, 2020.
             Was a High Priest of Okawaru.
             Slain by an ogre
             ... wielding a +0 giant club
              (23 damage)
             ... on level 9 of the Dungeon.
             The game lasted 00:09:11 (8197 turns).

Froggeryz the Grappler (Gargoyle Monk)              Turns: 8197, Time: 00:09:11

Health: -2/60      AC: 17    Str: 17    XL:     10   Next: 59%
Magic:  10/10      EV: 11    Int: 12    God:    Okawaru [*****.]
Gold:   510        SH:  0    Dex: 12    Spells: 9/9 levels left

rFire    . . .     SeeInvis .     - Unarmed
rCold    . . .     Gourm    .   (no shield)
rNeg     + . .     Faith    .   z - +0 swamp dragon scales
rPois    ∞         Spirit   .   q - +0 helmet
rElec    +         Reflect  .   u - scarf {repulsion}
rCorr    .         Harm     .   (no gloves)
MR       .....                  (no boots)
Stlth    +.........             (no amulet)
HPRegen  0.20/turn              (no ring)
MPRegen  0.12/turn              (no ring)

@: repel missiles
A: negative energy resistance 1, electricity resistance, unbreathing,
petrification resistance, rot immunity, AC +7
a: Heroism, Finesse, Renounce Religion


You were on level 9 of the Dungeon.
You worshipped Okawaru.
Okawaru was extremely pleased with you.
You were not hungry.

You visited 2 branches of the dungeon, and saw 11 of its levels.

You collected 510 gold pieces.

Inventory:

Armour
 q - a +0 helmet (worn)
 u - a scarf of repulsion (worn)
 z - +0 swamp dragon scales (worn)
Jewellery
 E - an uncursed ring of positive energy {unknown}
Wands
 o - a wand of disintegration (18)
 r - a wand of acid (6)
 v - a wand of clouds (6)
 y - a wand of iceblast (7)
 A - a wand of polymorph (11)
 B - a wand of flame (10)
Scrolls
 a - a scroll of enchant weapon {unknown}
 c - 7 scrolls of remove curse
 d - 2 scrolls of random uselessness {unknown}
 f - 10 scrolls of identify {unknown}
 i - 7 scrolls of teleportation {unknown}
 l - 3 scrolls of magic mapping {unknown}
 n - 4 scrolls of enchant armour {unknown}
 s - 2 scrolls of amnesia {unknown}
 w - 2 scrolls of blinking {unknown}
 x - 2 scrolls of brand weapon {unknown}
Potions
 e - a potion of magic {unknown}
 g - a potion of lignification {unknown}
 h - a potion of berserk rage {unknown}
 j - a potion of brilliance
 k - a potion of cancellation {unknown}
 m - a potion of heal wounds
 t - 2 potions of haste
 C - a potion of stabbing {unknown}
 D - a potion of might {unknown}
Comestibles
 b - 18 rations
 p - 2 chunks of flesh


   Skills:
 + Level 5.6 Fighting
 - Level 7.0 Armour
 - Level 2.4 Dodging
 - Level 2.1 Stealth
 * Level 13.1 Unarmed Combat


You had 9 spell levels left.
You didn't know any spells.
Your spell library contained the following spells:

 Spells                   Type           Power        Failure   Level  Hunger
 Corona                   Hex            #......      50%         1    ##.....
 Slow                     Hex            #.......     63%         2    ###....
 Inner Flame              Hex/Fire       #.......     86%         3    ####...
 Portal Projectile        Hex/Tloc       #.....       86%         3    ####...
 Cause Fear               Hex            #.........   99%         4    #####..
 Leda's Liquefaction      Hex/Erth       #.........   99%         4    #####..


Dungeon Overview and Level Annotations

Branches:
Dungeon (10/15)            Temple (1/1) D:6
   Lair: D:8-11         Orc: D:9-12

Altars:
Ashenzari
Cheibriados
Dithmenos
Elyvilon
Fedhas
Gozag
Hepliaklqana
Kikubaaqudgha
Makhleb
Nemelex Xobeh
Okawaru
Qazlal
Ru
Sif Muna
Trog
Uskayaw
Vehumet
Wu Jian
Xom
Yredelemnul
Zin
The Shining One

Annotations:
D:10 Grum


Innate Abilities, Weirdness & Mutations

You are resistant to torment.
Your stone body is resilient. (AC +7)
You are immune to poison.
You resist negative energy. (rN+)
You are resistant to electric shocks. (rElec)
You can survive without breathing.
You are immune to petrification.
You are immune to rotting.


Message History

You hit the wolf.
The wolf is severely wounded.
The wolf bites you but does no damage. The wolf bites you.
You punch the wolf!
You kill the wolf!
Okawaru accepts your kill.
You hit the ogre.
The ogre is lightly wounded.
An orc priest comes into view.
The ogre hits you with a +0 giant club!
You are too injured to fight recklessly!
You climb upwards.
There is a stone staircase leading down here.
You punch the ogre!
The ogre is heavily wounded.
The ogre hits you but does no damage.
You barely miss the ogre.
The ogre is heavily wounded.
The ogre hits you with a +0 giant club!!
You die...

########## .........#
############ .(.......#
#..........# .....(...#
#..........#
.........######..........#
.........#.....O@........#
.........#.####..........#
.........'.# #..........#
.........### #..........#
.........# #..........#
.........# #.>......(.#
.........# #...(......#
.........# #..........#
#######'## #..........#


You could see an ogre.

Vanquished Creatures
  Maggie (D:8)
  A hippogriff (D:10)
  Eustachio (D:6)
  2 water moccasins
  3 orc warriors
  3 sky beasts
  An ice beast (D:7)
  2 phantoms
  2 black bears
  A wolf (D:10)
  4 ogres
  5 centaurs
  A crocodile (D:9)
  A big kobold (D:9)
  4 bullfrogs
  A wyvern zombie (D:9)
  2 scorpions
  A water moccasin skeleton (D:8)
  4 killer bees (D:7)
  4 wights (D:6)
  4 howler monkeys
  8 crimson imps
  4 jellies
  6 hounds
  4 orc priests
  4 iguanas
  8 worker ants
  3 orc wizards
  2 killer bee zombies
  2 worker ant zombies (D:8)
  Robin (D:4)
  A howler monkey skeleton (D:7)
  15 adders
  3 gnolls (D:8)
  A shadow imp (D:5)
  An ooze (D:6)
  An adder zombie (D:9)
  2 dart slugs
  6 leopard geckos
  22 orcs
  5 bats
  4 giant cockroaches
  10 goblins
  8 hobgoblins
  4 jackals (D:9)
  6 kobolds
  A quokka (D:2)
  A ball python (D:3)
  4 frilled lizards
  A giant cockroach zombie (D:4)
  A jackal zombie (D:7)
  A leopard gecko skeleton (D:9)
  A quokka skeleton (D:4)
  8 rats
197 creatures vanquished.

Notes
Turn   | Place    | Note
-------+----------+-------------------------------------------
     0 | D:1      | Froggeryz the Gargoyle Monk began the quest for the Orb.
     0 | D:1      | Reached XP level 1. HP: 14/14 MP: 1/1
   245 | D:1      | Reached XP level 2. HP: 7/19 MP: 2/2
  1078 | D:2      | Reached skill level 4 in Unarmed Combat
  1134 | D:2      | Reached XP level 3. HP: 20/23 MP: 3/3
  1498 | D:2      | Reached skill level 5 in Unarmed Combat
  1498 | D:2      | Reached XP level 4. HP: 13/28 MP: 4/4
  1870 | D:3      | Found a glowing golden altar of the Shining One.
  2027 | D:3      | Found a stormy altar of Qazlal.
  2076 | D:4      | Reached XP level 5. HP: 27/32 MP: 5/5
  2138 | D:4      | Noticed Robin
  2301 | D:3      | Reached skill level 6 in Unarmed Combat
  2529 | D:4      | Killed Robin
  2543 | D:4      | Found a shimmering blue altar of Sif Muna.
  2615 | D:4      | Reached XP level 6. HP: 37/37 MP: 6/6
  2722 | D:4      | Noticed a sky beast
  2771 | D:4      | Killed a sky beast
  2771 | D:4      | Reached skill level 7 in Unarmed Combat
  3003 | D:5      | Entered Level 5 of the Dungeon
  3022 | D:5      | Noticed a sky beast
  3032 | D:5      | Killed a sky beast
  3032 | D:5      | Reached XP level 7. HP: 39/41 MP: 7/7
  3078 | D:5      | Reached skill level 8 in Unarmed Combat
  3350 | D:5      | You fall into a shaft and drop 1 floor!
  3363 | D:6      | Reached skill level 1 in Armour
  3572 | D:5      | Reached skill level 9 in Unarmed Combat
  3572 | D:5      | Reached XP level 8. HP: 39/46 MP: 8/8
  3872 | D:5      | Found a burning altar of Makhleb.
  3872 | D:5      | Noticed a balrug
  4589 | D:6      | Found a staircase to the Ecumenical Temple.
  4707 | Temple   | Entered the Ecumenical Temple
  4816 | Temple   | Became a worshipper of Warmaster Okawaru
  4816 | Temple   | Reached * piety under Okawaru
  4816 | Temple   | Reached ** piety under Okawaru
  4937 | D:6      | Reached skill level 10 in Unarmed Combat
  4943 | D:6      | Noticed Eustachio
  4967 | D:6      | Killed Eustachio
  5158 | D:6      | Reached XP level 9. HP: 51/51 MP: 9/9
  5168 | D:6      | Reached skill level 5 in Armour
  5738 | D:7      | Reached *** piety under Okawaru
  5747 | D:7      | Reached skill level 11 in Unarmed Combat
  6610 | D:8      | Found a white marble altar of Elyvilon.
  6612 | D:8      | Found a shadowy altar of Dithmenos.
  6616 | D:8      | Reached **** piety under Okawaru
  6722 | D:8      | Reached skill level 12 in Unarmed Combat
  7283 | D:8      | Reached XP level 10. HP: 54/56 MP: 10/10
  7322 | D:8      | Noticed Maggie
  7323 | D:8      | Found a hide-covered altar of Uskayaw.
  7419 | D:8      | Killed Maggie
  7908 | D:9      | Received a gift from Okawaru
  7913 | D:9      | Reached skill level 5 in Fighting
  8030 | D:9      | Reached skill level 13 in Unarmed Combat
  8152 | D:10     | Entered Level 10 of the Dungeon
  8155 | D:10     | Reached ***** piety under Okawaru
  8164 | D:10     | Noticed Grum
  8197 | D:9      | Slain by an ogre

Illustrated notes

Levels and vault maps discovered:
D:1:      dpeg_arrival_water_fire, layout_basic
D:2:      layout_rooms
D:3:      layout_rooms, lemuel_crystal_altar, marbit_many_paths
D:4:      layout_rooms, led_sif_book, uniq_robin
D:5:      black_bear_nest_2, layout_loops_ring, makhleb_altar_promises_db,
          first_ration
D:6:      layout_loops_cross, lemuel_temple_firewalk_b, minmay_joined_circles,
          uniq_eustachio
D:7:      layout_basic
D:8:      layout_loops_cross, nicolae_overflow_hidden_temple, uniq_maggie
D:9:      layout_roguey
D:10:     layout_loops_ring, due_lair_maze_entry_diamond, hiddenorc2_lemuel,
          uniq_snorg, uniq_psyche, uniq_grum
Temple:   eino_temple_rhombus

Skill      XL: |  1  2  3  4  5  6  7  8  9 10 |
---------------+-------------------------------+-----
Unarmed Combat | 4 5 6 7 9 10 12 13 | 13.1
Armour         | 2 4 7 |  7.0
Fighting       | 5 |  5.6
Dodging        | |  2.4
Stealth        | |  2.1

Action                   |  1- 3 |  4- 6 |  7- 9 | 10-12 || total
-------------------------+-------+-------+-------+-------++-------
Melee: Unarmed           |   114 |   165 |   451 |   201 ||   931
       Punch             |     3 |     2 |    24 |     8 ||    37
  Use: Scroll            |     1 |       |     1 |       ||     2
       Potion            |       |       |       |     5 ||     5
 Stab: Sleeping          |     7 |       |       |     1 ||     8
  Eat: Chunk             |     2 |     5 |    14 |     3 ||    24
Armor: Robe              |    28 |       |       |       ||    28
       Scale mail        |     8 |   108 |   197 |    10 ||   323
       Swamp dragon scal |       |       |       |   111 ||   111
Dodge: Dodged            |    70 |    99 |   181 |   117 ||   467
       Repelled          |       |       |     6 |     3 ||     9
